 Dungeon Crawl Stone Soup version 0.24-a0-434-gd57e52fea8 (webtiles) character file.

Game seed: 5199965193993681112

9713 KristoblXynda the Carver (level 11, -20/97 HPs)
             Began as a Pale Draconian Gladiator on June 16, 2019.
             Was an Elder of Yredelemnul.
             Killed from afar by Fannar (33 damage)
             ... with a bolt of cold
             ... on level 11 of the Dungeon.
             The game lasted 00:22:45 (12890 turns).

KristoblXynda the Carver (DrGl)                    Turns: 12890, Time: 00:22:45

Health: -20/97     AC: 10    Str: 16      XL:     11   Next: 26%
Magic:  15/15      EV: 16    Int: 12      God:    Yredelemnul [****..]
Gold:   174        SH:  4    Dex: 12 (13) Spells: 8/10 levels left

rFire    + + .     SeeInvis +   z - +0 scimitar
rCold    . . .     Gourm    .   B - +0 buckler
rNeg     + . .     Faith    .   (armour unavailable)
rPois    +         Spirit   .   b - +0 hat
rElec    .         Reflect  .   (no cloak)
rCorr    .         Harm     .   a - +2 pair of gloves of the Stars {rN+}
MR       .....                  (no boots)
Stlth    +.........             (no amulet)
HPRegen  0.26/turn              F - ring of see invisible (curse)
MPRegen  0.14/turn              p - ring "Mupp" {rPois rF++}

@: short of breath
A: breathe steam, unfitting armour, cold-blooded, AC +7
a: Breathe Steam, Recall Undead Slaves, Injury Mirror, Animate Dead, Drain Life,
Renounce Religion


You were on level 11 of the Dungeon.
You worshipped Yredelemnul.
Yredelemnul was greatly pleased with you.
You were hungry.

You visited 2 branches of the dungeon, and saw 12 of its levels.

You collected 472 gold pieces.
You spent 298 gold pieces at shops.

Inventory:

Hand Weapons
 z - a +0 scimitar (weapon)
Missiles
 c - 3 throwing nets
 e - 4 curare-tipped darts (quivered)
Armour
 a - the +2 pair of gloves of the Stars (worn) {rN+}
   (You bought it in a shop on level 7 of the Dungeon)

   It protects you from negative energy.
 b - a +0 hat (worn)
 x - a scarf of cloud immunity
 y - a +1 cloak
 B - a +0 buckler (worn)
Jewellery
 m - an uncursed ring of positive energy
 p - the ring "Mupp" (right hand) {rPois rF++}
   (You found it on level 8 of the Dungeon)

   [ring of poison resistance]

   It greatly protects you from fire.
   It protects you from poison.
 r - a +4 ring of evasion
 s - an uncursed ring of wizardry
 F - a cursed ring of see invisible (left hand)
Wands
 n - a wand of clouds (1)
Scrolls
 k - 3 scrolls of magic mapping
 l - 2 scrolls of fog
 o - 5 scrolls of teleportation
 q - 3 scrolls of amnesia
 v - 5 scrolls of remove curse
 E - 3 scrolls of identify
Potions
 f - a potion of haste
 g - a potion of invisibility
 h - 7 potions of curing
 j - a potion of resistance
 t - a potion of flight
 u - a potion of agility
 w - 4 potions of cancellation
 A - a potion of experience {unknown}
 C - 2 potions of lignification
Comestibles
 d - 15 rations


   Skills:
 - Level 9.0 Fighting
 + Level 10.5 Long Blades
 - Level 2.0 Throwing
 + Level 7.9 Dodging
 + Level 2.1 Shields
 - Level 3.6 Hexes
 + Level 6.3 Invocations
 + Level 5.4 Evocations


You had 8 spell levels left.
You knew the following spells:

 Your Spells              Type           Power        Failure   Level  Hunger
a - Confusing Touch       Hex            #.....       10%         1    ##.....
b - Summon Small Mammal   Summ           #...         38%         1    ##.....

Your spell library contained the following spells:

 Spells                   Type           Power        Failure   Level  Hunger
 Corona                   Hex            #......      10%         1    ##.....
 Slow                     Hex            #.......     14%         2    ###....
 Confuse                  Hex            #.......     28%         3    ####...
 Animate Skeleton         Necr           N/A          38%         1    ##.....
 Apportation              Tloc           #.....       38%         1    ##.....
 Beastly Appendage        Tmut           #.....       38%         1    ##.....
 Inner Flame              Hex/Fire       #.......     52%         3    ####...
 Portal Projectile        Hex/Tloc       #.....       52%         3    ####...
 Sticks to Snakes         Tmut           #.......     54%         2    ###....
 Cause Fear               Hex            #.........   67%         4    #####..
 Gell's Gravitas          Tloc           #.........   77%         3    ####...
 Spider Form              Tmut/Pois      #.........   77%         3    ####...
 Leda's Liquefaction      Hex/Erth       #.........   90%         4    #####..
 Ice Form                 Ice/Tmut       #.......     99%         4    #####..
 Petrify                  Tmut/Erth      #.......     99%         4    #####..
 Metabolic Englaciation   Hex/Ice        #.........   99%         5    ######.
 Yara's Violent Unravell  Hex/Tmut       #.........   99%         5    ######.
 Blade Hands              Tmut           #.........   100%        5    ######.


Dungeon Overview and Level Annotations

Branches:
Dungeon (11/15)            Temple (1/1) D:4            Lair (0/6) D:8
    Orc (0/2) D:10

Altars:
Ashenzari
Cheibriados
Elyvilon
Fedhas
Gozag
Hepliaklqana
Kikubaaqudgha
Makhleb
Okawaru
Qazlal
Ru
Sif Muna
Trog
Uskayaw
Vehumet
Wu Jian
Xom
Yredelemnul
Zin

Shops:
D:5 *   D:6 ?([!   D:7 [

Annotations:
D:11 Fannar


Innate Abilities, Weirdness & Mutations

You can breathe blasts of scalding, opaque steam.
Your pale cyan-grey scales are hard. (AC +7)
You cannot fit into any form of body armour.
You are cold-blooded and may be slowed by cold attacks.


Message History

The black bear claws you but does no damage.
The black bear closely misses you.
The ice beast closely misses your soldier ant.
Your soldier ant barely misses Fannar.
Okay, then.
Unknown command.
Evoke which item? (* to show all) (? for menu, Esc to quit)
Okay, then.
You hit Fannar but do no damage.
Fannar is almost dead.
Fannar hits you but does no damage. You block the black bear's attack.
The black bear claws you but does no damage.
The black bear barely misses you.
Your soldier ant completely misses Fannar.
Unknown command.
You swap places.
Fannar points at you and mumbles some strange words.
The bolt of cold hits you!!
You die...
Your body rises from the dead as a mindless zombie.

#...#.Z.#...#...........
#.###†#####.............
#.#.#.# #...##..........
#.#.#.# #.####...>......
#...#.#... #..........
##.###### ##'########
#.# #.## #.# #..# #.#
##@######### #.#
#aYe........ #.#####
#.h......$.. #.....#
#........... #####.#
#........... #.##
#........... #..#
#........... ##.#
#........... #.#
###########+


You could see Fannar, a black bear, an ice beast and a friendly soldier ant.

Vanquished Creatures
  A two-headed ogre (D:11)
  3 orc knights (D:7)
  A centaur zombie (D:10)
  A troll (D:10)
  A hippogriff (D:10)
  A spriggan (D:7)
  A wyvern (D:9)
  A wraith (D:11)
  Menkaure (D:7)
  A hungry ghost (D:4)
  17 wargs (D:7)
  A water moccasin (D:8)
  4 orc warriors (D:7)
  A black bear (D:6)
  A sky beast (D:9)
  2 ice beasts
  2 necrophages
  4 ogres
  A phantom (D:6)
  2 centaurs
  A crocodile (D:10)
  5 bullfrogs
  A water moccasin skeleton (D:4)
  2 scorpions
  3 killer bees (D:9)
  2 howler monkeys (D:9)
  A bullfrog zombie (D:8)
  5 crimson imps
  2 quasits
  7 orc priests
  A bullfrog skeleton (D:8)
  4 hounds
  3 jellies
  7 orc wizards
  A gnoll shaman (D:8)
  Ijyb (D:3)
  7 iguanas
  11 worker ants
  A hound skeleton (D:8)
  A worker ant zombie (D:5)
  9 gnolls
  12 adders
  3 shadow imps
  4 oozes
  An adder zombie (D:9)
  2 adder skeletons
  4 worms
  A dart slug (D:3)
  8 leopard geckos
  44 orcs
  12 bats
  4 giant cockroaches
  7 goblins
  7 hobgoblins
  7 jackals
  5 quokkas
  3 ball pythons
  10 frilled lizards
  A jackal skeleton (D:4)
  6 kobolds
  An orc zombie (D:7)
  A quokka skeleton (D:5)
  4 rats
269 creatures vanquished.

Vanquished Creatures (collateral kills)
  A warg (D:7)
  2 orc warriors
  2 ogres (D:9)
  A killer bee (D:9)
  6 orcs
12 creatures vanquished.

Vanquished Creatures (others)
  A two-headed ogre zombie (D:11)
  2 orc skeletons (D:7)
  A wight (D:9)
  An ogre skeleton (D:9)
  An orc zombie (D:9)
  A quokka skeleton (D:9)
  7 plants (D:8)
14 creatures vanquished.

Grand Total: 295 creatures vanquished

Notes
Turn   | Place    | Note
-------+----------+-------------------------------------------
     0 | D:1      | KristoblXynda the Draconian Gladiator began the quest for
                  | the Orb.
     0 | D:1      | Reached XP level 1. HP: 17/17 MP: 1/1
   290 | D:1      | Reached XP level 2. HP: 25/25 MP: 2/2
   949 | D:2      | Reached XP level 3. HP: 19/30 MP: 3/3
  1582 | D:2      | Reached skill level 4 in Long Blades
  1582 | D:2      | Reached XP level 4. HP: 28/38 MP: 4/4
  1979 | D:3      | Learned a level 1 spell: Confusing Touch
  2083 | D:3      | Learned a level 1 spell: Summon Small Mammal
  2471 | D:3      | Noticed Ijyb
  2490 | D:3      | Reached XP level 5. HP: 45/45 MP: 5/5
  2556 | D:3      | Paralysed by Ijyb for 7 turns
  2567 | D:3      | Paralysed by Ijyb for 4 turns
  2581 | D:3      | Killed Ijyb
  2881 | D:4      | Reached skill level 5 in Long Blades
  2928 | D:4      | Reached XP level 6. HP: 12/52 MP: 6/6
  3236 | D:4      | Found a staircase to the Ecumenical Temple.
  3243 | Temple   | Entered the Ecumenical Temple
  3248 | Temple   | Became a worshipper of Yredelemnul the Dark
  3929 | D:4      | Noticed a hungry ghost
  3945 | D:4      | Killed a hungry ghost
  3945 | D:4      | Reached skill level 6 in Long Blades
  3945 | D:4      | Your scales start taking on a pale cyan-grey colour.
  3945 | D:4      | Reached XP level 7. HP: 54/60 MP: 7/7
  4004 | D:5      | Entered Level 5 of the Dungeon
  4171 | D:5      | Reached skill level 1 in Hexes
  4443 | D:5      | Reached skill level 5 in Fighting
  4453 | D:5      | Found Bytzu's Assorted Antiques.
  4456 | D:5      | Bought a scroll of identify for 42 gold pieces
  4927 | D:6      | Reached * piety under Yredelemnul
  4943 | D:6      | Reached XP level 8. HP: 56/68 MP: 8/8
  4955 | D:6      | Reached skill level 7 in Long Blades
  5098 | D:6      | Found Cihu Dot's Weapon Boutique.
  5107 | D:6      | Reached skill level 5 in Dodging
  5706 | D:6      | Found a radiant altar of Vehumet.
  5874 | D:6      | Found Ytwedeki's Magic Scroll Boutique.
  5979 | D:6      | Found Ucsassag's Antique Armour Emporium.
  5993 | D:6      | Found Isomed's Distillery.
  6190 | D:7      | Reached skill level 8 in Long Blades
  6205 | D:7      | Found Faebiqel's Antique Armour Boutique.
  6544 | D:7      | Found an ornate altar of the Wu Jian Council.
  6632 | D:7      | Reached XP level 9. HP: 55/75 MP: 9/9
  7328 | D:7      | Reached skill level 1 in Invocations
  7451 | D:7      | Reached skill level 9 in Long Blades
  7452 | D:7      | Reached ** piety under Yredelemnul
  7929 | D:7      | Reached skill level 1 in Evocations
  8064 | D:7      | Noticed an orc knight
  8094 | D:7      | Killed an orc knight
  8094 | D:7      | Reached XP level 10. HP: 20/86 MP: 12/12
  9011 | D:7      | Noticed an orc knight
  9011 | D:7      | Noticed an orc knight
  9055 | D:7      | Killed an orc knight
  9072 | D:7      | Killed an orc knight
  9072 | D:7      | Reached skill level 10 in Long Blades
  9529 | D:7      | Found a stormy altar of Qazlal.
  9709 | D:7      | Noticed Menkaure
  9722 | D:7      | Killed Menkaure
 10114 | D:7      | Found a deep blue altar of Sif Muna.
 10189 | D:7      | Bought a pair of heavily runed gloves for 256 gold pieces
 10195 | D:7      | Identified the +2 pair of gloves of the Stars {rN+} (You
                  | bought it in a shop on level 7 of the Dungeon)
 10206 | D:8      | Reached skill level 5 in Invocations
 10234 | D:8      | Reached *** piety under Yredelemnul
 10326 | D:8      | Got a scorched bone ring
 10333 | D:8      | Identified the ring "Mupp" {rPois rF++} (You found it on
                  | level 8 of the Dungeon)
 10575 | D:8      | Found a shattered altar of Ashenzari.
 10587 | D:8      | Found a blossoming altar of Fedhas.
 10867 | D:8      | Found a radiant altar of Vehumet.
 10873 | D:8      | Found a burning altar of Makhleb.
 10875 | D:8      | Found a bloodstained altar of Trog.
 10924 | D:8      | Found a staircase to the Lair.
 11418 | D:9      | Reached **** piety under Yredelemnul
 11431 | D:9      | Received a gift from Yredelemnul (a wight)
 11637 | D:9      | Reached XP level 11. HP: 86/95 MP: 15/15
 11824 | D:10     | Entered Level 10 of the Dungeon
 11850 | D:10     | Reached skill level 1 in Shields
 11850 | D:10     | Reached skill level 5 in Evocations
 12168 | D:10     | Found a staircase to the Orcish Mines.
 12458 | D:11     | Noticed a two-headed ogre
 12464 | D:11     | Killed a two-headed ogre
 12871 | D:11     | Noticed Fannar
 12890 | D:11     | Killed from afar by Fannar

Levels and vault maps discovered:
D:1:      eino_arrival_cavern_d, layout_basic
D:2:      layout_loops_ring
D:3:      layout_rooms, nicolae_overflow_hidden_temple, first_ration,
          minmay_misc_feat_nine_boxes, uniq_ijyb
D:4:      layout_loops_ring, minmay_temple_entry_junction_2
D:5:      layout_loops_corners, serial_shops, kennysheep_mini_moat
D:6:      cheibrodos_quashed, layout_loops_ring, serial_shops, shop,
          nicolae_shop_trees, nicolae_shop_crystal, shop, basic_altar
D:7:      lemuel_castle_with_subvaults [lemuel_castle_interior_carwin_2],
          layout_basic, overflow_temple_1_default, lemuel_crystal_altar,
          lemuel_crystal_altar, serial_shops, shop, minmay_misc_feat_square,
          the_bakery, uniq_menkaure
D:8:      layout_rooms, minitemple, david_lair_shrubbed
D:9:      layout_rooms, lemuel_flamethrower_1
D:10:     layout_cave_pools, orc_0_dummy
D:11:     layout_roguey, uniq_fannar
Temple:   minmay_freezing_vapour_temple

Skill      XL: |  1  2  3  4  5  6  7  8  9 10 11 |
---------------+----------------------------------+-----
Throwing       | 2 |  2.0
Dodging        | 3 4 5 6 7 |  7.9
Fighting       | 3 4 5 6 7 8 9 |  9.0
Long Blades    | 4 5 6 8 9 10 | 10.5
Hexes          | 2 3 |  3.6
Invocations    | 3 5 6 |  6.3
Evocations     | 2 4 5 |  5.4
Shields        | 2 |  2.1

Action                   |  1- 3 |  4- 6 |  7- 9 | 10-12 || total
-------------------------+-------+-------+-------+-------++-------
Melee: Long sword        |    87 |   194 |   271 |    23 ||   575
       Tailslap          |    11 |    32 |    55 |    51 ||   149
       Scimitar          |       |       |       |   262 ||   262
Throw: Dart              |       |     7 |     8 |     3 ||    18
Invok: Animate Remains   |       |       |       |     5 ||     5
       Animate Dead      |       |       |       |     8 ||     8
 Abil: Breathe Steam     |       |       |    23 |    17 ||    40
Evoke: Wand              |       |       |     1 |     3 ||     4
       Sack of spiders   |       |       |       |     1 ||     1
  Use: Scroll            |       |     3 |     6 |    10 ||    19
       Potion            |       |     2 |     2 |     2 ||     6
 Stab: Sleeping          |       |     3 |       |       ||     3
       Distracted        |       |       |     1 |       ||     1
  Eat: Chunk             |     2 |     8 |    10 |    14 ||    34
       Ration            |       |     1 |     2 |     2 ||     5
Armor: Skin              |    22 |    67 |    56 |    59 ||   204
Dodge: Dodged            |    89 |   166 |   236 |   227 ||   718
Block: Buckler           |       |       |       |    21 ||    21
       Rpst.: Long sword |    34 |    50 |    61 |     5 ||   150
       Scimitar          |       |       |       |    58 ||    58

Table legend:
 A = Non-vault XP
 B = Vault XP
 C = Vault XP percentage of total XP
 D = Non-vault monster count
 E = Vault monster count
 F = Vault count percentage of total count
                 A         B        C        D         E       F
            +---------+---------+-------+---------+---------+-------
      Total |    8045 |    5832 |  42.0 |     226 |      54 |  19.3
            +---------+---------+-------+---------+---------+-------
        D:1 |      30 |       0 |   0.0 |      16 |       0 |   0.0
        D:2 |      87 |       0 |   0.0 |      28 |       0 |   0.0
        D:3 |     144 |      35 |  19.6 |      33 |       1 |   2.9
        D:4 |     564 |       0 |   0.0 |      14 |       0 |   0.0
        D:5 |     450 |       0 |   0.0 |      13 |       0 |   0.0
        D:6 |    1008 |       0 |   0.0 |      27 |       0 |   0.0
        D:7 |     195 |    5797 |  96.7 |      11 |      53 |  82.8
        D:8 |    1076 |       0 |   0.0 |      31 |       0 |   0.0
        D:9 |    1840 |       0 |   0.0 |      35 |       0 |   0.0
       D:10 |    1548 |       0 |   0.0 |      14 |       0 |   0.0
       D:11 |    1103 |       0 |   0.0 |       4 |       0 |   0.0
            +---------+---------+-------+---------+---------+-------
